 Dungeon Crawl Stone Soup version 0.27-a0-506-g2188dfaaa0 (webtiles) character file.

Game seed: 3641742470326276387

77 Morbidden the Skirmisher (level 4, -1/37 HPs)
             Began as a Demonspawn Fighter on Mar 3, 2021.
             Slain by Sigmund
             ... wielding a +0 scythe
              (9 damage)
             ... on level 2 of the Dungeon.
             The game lasted 00:02:00 (2761 turns).

Morbidden the Skirmisher (Demonspawn Fighter)       Turns: 2761, Time: 00:02:01

Health: -1/37      AC:  7    Str: 16    XL:     4   Next: 13%
Magic:  4/4        EV:  7    Int: 10    God:
Gold:   102        SH:  0    Dex: 13    Spells: 3/3 levels left

rFire    + . .     SeeInvis .   a - +0 long sword
rCold    + . .     Faith    .   c - +0 kite shield
rNeg     . . .     Spirit   .   b - +0 scale mail
rPois    +         Reflect  .   (no helmet)
rElec    +         Harm     .   (no cloak)
rCorr    +         Rampage  .   (no gloves)
Will     .....                  (no boots)
Stlth    ..........             (no amulet)
HPRegen  0.12/turn              (no ring)
MPRegen  0.09/turn              (no ring)

@: confused, mighty, resistant
A: rugged brown scales 1, powered by pain 2
a: no special abilities


You were on level 2 of the Dungeon.
You visited 1 branch of the dungeon, and saw 2 of its levels.

You collected 102 gold pieces.

Inventory:

Hand Weapons
 a - a +0 long sword (weapon)
Armour
 b - a +0 scale mail (worn)
 c - a +0 kite shield (worn)
Jewellery
 l - a ring of fire
Wands
 n - a wand of random effects (24) (quivered)
Scrolls
 g - a scroll of random uselessness {unknown}
 i - 2 scrolls of identify {unknown}
 j - 4 scrolls of enchant armour {unknown}
 k - 2 scrolls of teleportation {unknown}
Potions
 d - 2 potions of might
 e - a potion of curing
 h - a potion of lignification {unknown}
 m - 2 potions of degeneration {unknown}


   Skills:
 * Level 3.6 Fighting
 * Level 3.1 Long Blades
 + Level 2.9 Armour
 + Level 0.3 Dodging
 + Level 2.9 Shields


You had 3 spell levels left.
You didn't know any spells.
Your spell library was empty.

Dungeon Overview and Level Annotations

Branches:
Dungeon (2/15)

Altars:

Annotations:
D:2 Sigmund


Innate Abilities, Weirdness & Mutations

You are partially covered in rugged brown scales. (AC +1, +3% HP)
You sometimes gain power by taking damage.


Message History

Sigmund is heavily wounded.
Sigmund casts a spell at himself.
Sigmund flickers and vanishes!
Deactivating autopickup; reactivate with Ctrl-A.
You closely miss something.
You hear some strange, mumbled words.
You are confused.
You miss something. Something hits you! Something hits you.
You bump into the rock wall.
Something hits you but does no damage.
Unknown command.
You hear some strange, mumbled words.
You are more confused.
You bump into the rock wall.
Something hits you!
* * * LOW HITPOINT WARNING * * *
You're too confused to move!
Something hits you.
* * * LOW HITPOINT WARNING * * *
Unknown command.
It was a potion of curing.
You feel better.
Unknown command.
You hear some strange, mumbled words.
A puff of flame appears from out of thin air!
You block the puff of flame.
You miss something. Something hits you but does no damage.
You miss something. Something hits you.
* * * LOW HITPOINT WARNING * * *
You barely miss something. You block something's attack.
You barely miss something.
You hear some strange, mumbled words.
Something tries to affect you, but you resist.
Something hits you but does no damage.
You closely miss something.
You hear some strange, mumbled words.
You are confused.
Unknown command.
Unknown command.
It was a potion of resistance.
You feel protected. Something hits you!
You die...

####### #.....# ####
#.###.# ...# #.###.#
...# #.....#
...#######.#######
.................#
...#############@#
##.........#,,,#{#
#.#######.#,*,#.#
##'### #.#,*<#.#
.....# #.#,**#.#
)....# #.#,,,..#
.....#####.##########
##..................#
##########.#######.##


There were no monsters in sight!

Vanquished Creatures
  3 adders (D:2)
  An ooze (D:1)
  A leopard gecko (D:2)
  A giant cockroach (D:1)
  7 goblins
  6 hobgoblins
  3 jackals (D:1)
  8 bats
  3 frilled lizards (D:1)
  3 kobolds (D:1)
  7 rats
43 creatures vanquished.

Notes
Turn   | Place    | Note
-------+----------+-------------------------------------------
     0 | D:1      | Morbidden the Demonspawn Fighter began the quest for the
                  | Orb.
     0 | D:1      | Reached XP level 1. HP: 18/18 MP: 1/1
   364 | D:1      | Gained mutation: You sometimes gain a little power by
                  | taking damage. [demonic ancestry]
   364 | D:1      | Reached XP level 2. HP: 21/24 MP: 2/2
   890 | D:1      | Gained mutation: You sometimes gain power by taking damage.
                  | [demonic ancestry]
   890 | D:1      | Reached XP level 3. HP: 29/29 MP: 3/3
  1467 | D:2      | Noticed Sigmund
  1974 | D:2      | Gained mutation: You are partially covered in rugged brown
                  | scales. (AC +1, +3% HP) [demonic ancestry]
  1974 | D:2      | Reached XP level 4. HP: 17/37 MP: 4/4
  2761 | D:2      | Slain by Sigmund

Illustrated notes

Levels and vault maps discovered:
D:1:      dpeg_arrival_erosion, layout_rooms, serial_co_window_serial,
          co_window_corner_a, co_window_corner_a, co_window_corner_a,
          co_window_cross_1, co_window_corner_a, co_window_paths_a,
          co_window_paths_b, co_window_corner_b, co_window_of_opportunity_c,
          co_window_unsneaky_path_e, co_window_broadway_b, co_window_corner_cb,
          co_window_paths_d
D:2:      layout_basic, minmay_misc_feat_more_columns, uniq_sigmund

Skill      XL: |  1  2  3  4 |
---------------+-------------+-----
Long Blades    | 2 3 |  3.1
Fighting       | |  3.6
Armour         | |  2.9
Dodging        | |  0.3
Shields        | |  2.9

Action                   |  1- 3 |  4- 6 || total
-------------------------+-------+-------++-------
Melee: Long sword        |   141 |    17 ||   158
  Use: Potion            |       |     3 ||     3
Armor: Scale mail        |    81 |     5 ||    86
Dodge: Dodged            |    37 |     2 ||    39
Block: Kite shield       |    86 |    10 ||    96
       Rpst.: Long sword |    12 |       ||    12

Table legend: (Time is in decaauts)
 A = Elapsed time spent in this place.
 B = Non-inter-level travel time spent in this place.
 C = Inter-level travel time spent in this place.
 D = Time resting spent in this place.
 E = Time spent auto-exploring this place.
 F = Levels seen in this place.
 G = Mean time per level.
                   A        B        C        D        E       F      G
               +--------+--------+--------+--------+--------+-----+--------+
         Total |   2844 |   2773 |     71 |    574 |   1758 |   2 | 1422.0 |
       Dungeon |   2844 |   2773 |     71 |    574 |   1758 |   2 | 1422.0 |
               +--------+--------+--------+--------+--------+-----+--------+

Top non-repeatable levels by time:
     D:1: 1455 daAuts
     D:2: 1389 daAuts
